Map: 어비설 리프 - 래더

Players

Solar - Winner!

  • Race: Zerg Zerg
  • Spawn Location: 5:00

Snute

  • Race: Zerg Zerg
  • Spawn Location: 11:00

Event: IEM XI Katowice - World Championship 2017

VOD

Have the link to the VOD?

Description

Time

  • Played on: March 2, 2017, 6:14 a.m.
  • Length: 7:19

All games in this series

Show
View Real Time Build Order
Export as new Build Order

Solar Zerg - Winner!

Build Orders: Hatch First 

Get SALT Encoding   

  12  0:00  Drone  
  13  0:12  Overlord  
  13  0:18  Drone  
  14  0:31  Drone x2  
  16  0:35  Drone  
  17  0:52  Hatchery  
  17  0:55  Drone  
  17  0:58  Drone  
  18  1:04  Extractor  
  17  1:14  Spawning Pool  
  17  1:16  Drone  
  17  1:19  Drone  
  18  1:28  Drone  
  19  1:39  Overlord  
  19  1:53  Drone  
  20  2:01  Queen  
  20  2:02  Zergling x2  
  20  2:03  Queen  
  20  2:04  Metabolic Boost  
  20  2:07  Zergling x2  
  26  2:12  Drone  
  27  2:17  Drone  
  28  2:25  Drone, Baneling Nest  
  28  2:26  Drone  
  29  2:32  Drone  
  29  2:36  Drone  
  31  2:50  Hatchery  
  30  2:53  Drone  
  30  2:58  Overlord  
  31  3:00  Drone  
  31  3:03  Drone  
  33  3:08  Drone  
  34  3:14  Zergling x4  
  34  3:16  Baneling x2  
  34  3:17  Drone  
  34  3:19  Drone x2  
  39  3:23  Drone  
  39  3:24  Drone  
  41  3:28  Overlord  
  41  3:31  Zergling x2  
  41  3:33  Zergling x2  
  43  3:34  Baneling  
  43  3:35  Baneling  
  43  3:38  Zergling x2  
  44  3:46  Overlord  
  44  3:47  Drone  
  44  3:49  Drone  
  44  3:50  Drone x3  
  48  3:56  Drone x2  
  48  4:02  Queen  
  50  4:04  Drone x2  
  54  4:11  Extractor  
  54  4:13  Roach Warren  
  54  4:14  Drone  
  54  4:15  Overlord  
  53  4:20  Drone x3  
  56  4:25  Extractor  
  56  4:28  Baneling x2  
  56  4:29  Drone x2  
  57  4:31  Drone x2  
  57  4:33  Drone  
  57  4:34  Evolution Chamber  
  57  4:37  Overlord  
  57  4:38  Zergling x4  
  60  4:41  Overlord  
  59  4:53  Roach x5  
  59  4:55  Roach  
  59  4:57  Roach  
  59  4:59  Roach x2  
  76  5:01  Roach  
  76  5:05  Roach  
  80  5:12  Zergling x10, Roach  
  87  5:17  Baneling x2  
  87  5:18  Overlord  
  87  5:19  Roach  
  89  5:22  Baneling  
  89  5:23  Zergling x2  
  89  5:27  Baneling  
  89  5:38  Roach x3  
  89  5:41  Zergling x8, Roach x2  
  97  5:45  Zergling x2  
  98  5:55  Zergling x2  
  98  5:56  Overlord x2  
  95  5:59  Overlord  
  95  6:01  Ravager x2  
  97  6:04  Zergling x2  
  97  6:05  Overlord  
  96  6:12  Baneling  
  96  6:13  Baneling  
  96  6:16  Baneling x3  
  96  6:18  Zergling x2  
  96  6:19  Zergling x10  
  96  6:25  Zergling x14  
  101  6:32  Ravager  
  104  6:33  Zergling x4  
  104  6:35  Ravager  
  104  6:36  Zergling x2  
  108  6:40  Zergling x4  
  108  6:45  Ravager  
  108  6:46  Zergling x6  
  114  6:47  Overlord  
  114  6:51  Zergling x12  
  120  7:00  Zergling x4  
  111  7:09  Ravager  
Show
View Real Time Build Order
Export as new Build Order

Snute Zerg 

Build Orders: Hatch First 

Get SALT Encoding   

  12  0:00  Drone  
  13  0:12  Overlord  
  13  0:17  Drone  
  14  0:30  Drone x2  
  14  0:34  Drone  
  17  0:52  Hatchery  
  17  0:54  Drone  
  17  0:58  Drone  
  17  1:01  Extractor  
  17  1:14  Spawning Pool  
  17  1:16  Drone  
  17  1:20  Drone  
  18  1:27  Drone  
  19  1:38  Overlord  
  19  1:49  Drone  
  20  2:00  Queen  
  20  2:01  Metabolic Boost  
  22  2:03  Queen  
  22  2:05  Zergling x2  
  22  2:08  Drone  
  26  2:13  Drone  
  26  2:14  Drone  
  28  2:22  Drone  
  29  2:25  Drone  
  30  2:32  Drone  
  30  2:36  Drone  
  32  2:43  Queen  
  32  2:44  Overlord  
  34  2:48  Drone  
  35  3:02  Baneling Nest  
  35  3:04  Hatchery  
  35  3:05  Zergling x6  
  36  3:10  Drone x2  
  36  3:12  Drone x2  
  40  3:16  Overlord  
  40  3:18  Drone  
  41  3:25  Zergling x2, Overlord  
  42  3:27  Zergling x2  
  42  3:33  Overlord  
  43  3:36  Drone  
  43  3:40  Drone x3  
  47  3:47  Drone  
  46  3:51  Drone  
  46  3:52  Roach Warren, Extractor  
  44  3:59  Zergling x6  
  44  4:01  Drone x2  
  49  4:05  Baneling  
  49  4:06  Baneling  
  49  4:10  Overlord  
  49  4:36  Roach x8  
  65  4:43  Roach  
  67  4:46  Roach  
  67  4:49  Zergling x14  
  75  4:58  Zergling x2  
  75  4:59  Zergling x2  
  74  5:08  Zergling x2  
  74  5:09  Zergling x12  
  74  5:10  Overlord  
  74  5:14  Overlord  
  81  5:18  Baneling x2  
  81  5:19  Baneling x4  
  81  5:20  Baneling  
  81  5:23  Baneling  
  81  5:26  Overlord  
  81  5:33  Zergling x14  
  78  5:41  Drone x2  
  78  5:42  Drone x5  
  74  5:46  Drone x2  
  74  5:47  Lair  
  76  5:50  Extractor, Evolution Chamber  
  76  5:52  Drone x2  
  76  5:54  Drone  
  76  5:58  Drone  
  73  6:05  Roach x3  
  79  6:12  Roach  
  79  6:14  Drone  
  79  6:16  Extractor  
  81  6:18  Drone x2  
  81  6:20  Drone x4  
  81  6:25  Roach  
  83  6:26  Roach x2  
  83  6:30  Roach  
  83  6:31  Ravager  
  90  6:33  Roach x2  
  90  6:35  Roach  
  90  6:38  Roach  
  96  6:40  Roach  
  98  6:49  Roach x3  
  98  6:50  Zergling x4  
  98  6:53  Overlord x2  
  105  6:56  Overlord  

Tags
 
Add a new tag
Caveats
  • Supply blocks, unpowered buildings, or Contaminate may cause inaccurate times.
  • Supply counts are checked every 10 seconds.